 Dungeon Sprint DCSS version 0.30-a0-360-g447f08457e (webtiles) character file.

Game seed: 3966479533582224743

48 mhtbhm the Shield-Bearer (level 3, -4/26 HPs)
             Began as a Gargoyle Fighter on Nov 13, 2022.
             Slain by an iguana (6 damage)
             ... in the Dungeon (Sprint IX: "|||||||||||||||||||||||||||||").
             The game lasted 00:00:14 (48 turns).

mhtbhm the Shield-Bearer (Gargoyle Fighter)           Turns: 48, Time: 00:00:14

Health: -4/26      AC: 10    Str: 21    XL:     3   Next: 72%
Magic:  3/3        EV:  9    Int:  8    God:
Gold:   0          SH:  4    Dex:  9    Spells: 2/2 levels left

rFire   . . .      SeeInvis .    a - +0 flail
rCold   . . .      Faith    .    c - +0 buckler
rNeg    + . .      Spirit   .    b - +0 scale mail
rPois   ∞          Reflect  .    (no helmet)
rElec   +          Harm     .    (no cloak)
rCorr   .          Rampage  .    (no gloves)
Will    .....      NoTele   +    (no boots)
Stlth   ..........               (no amulet)
HPRegen 0.24/turn                (no ring)
MPRegen 0.08/turn                (no ring)

@: on berserk cooldown, slowed, very slow
A: sickness immunity, AC +3, negative energy resistance 1, electricity
resistance, torment resistance 1, petrification resistance
a: no special abilities


You were in the Dungeon.
You visited 1 branch

Inventory:

Hand Weapons
 a - a +0 flail (weapon)
Armour
 b - a +0 scale mail (worn)
 c - a +0 buckler (worn)
Scrolls
 j - a scroll of blinking
Potions
 d - a potion of might
 e - a potion of curing
 g - a potion of haste
 h - 2 potions of magic


   Skills:
 + Level 5.2 Fighting
 + Level 3.4 Maces & Flails
 + Level 5.0 Armour
 + Level 5.2 Shields


You had 2 spell levels left.
You didn't know any spells.
Your spell library was empty.

Dungeon Overview and Level Annotations

Branches:
Dungeon (1/1)

Altars:


Innate Abilities, Weirdness & Mutations

You are immune to sickness and miasma.
Your stone body is resilient. (AC +3)
You are immune to poison.
You resist negative energy. (rN+)
You are resistant to electric shocks. (rElec)
You are resistant to unholy torment.
You are immune to petrification.


Message History

The jelly is severely wounded.
The jelly hits you but does no damage.
You thump the jelly!
You kill the jelly!
The ufetubus barely misses you. You block the ufetubus's attack.
Your Fighting skill increases to level 5!
Your Maces & Flails skill increases to level 3!
Your Shields skill increases to level 5!
You have reached level 3!
Your experience leads to an increase in your attributes!
Increase (S)trength, (I)ntelligence, or (D)exterity?
You feel stronger. x2
Unknown command.
You sock the ufetubus!
You kill the ufetubus!
Your Armour skill increases to level 5!
You barely miss the iguana.
You are no longer berserk.
You are exhausted.
You feel yourself slow down. The iguana closely misses you.
You barely miss the iguana. The iguana closely misses you.
The iguana bites you.
You hit the iguana but do no damage.
The iguana bites you but does no damage.
The iguana bites you.
You barely miss the iguana. You block the iguana's attack.
The iguana bites you but does no damage.
You barely miss the iguana. The iguana bites you. The iguana barely misses you.
You closely miss the iguana. You block the iguana's attack.
You hit the iguana but do no damage.
You are no longer corroded.
You block the iguana's attack. The iguana bites you!
* * * LOW HITPOINT WARNING * * *
You hit the iguana but do no damage. The iguana bites you.
* * * LOW HITPOINT WARNING * * *
The iguana bites you but does no damage.
You sock the iguana!
The iguana is heavily wounded.
The iguana bites you.
You die...

▓.▓
▓†▓
▓)▓
▓.▓
▓.▓
▓.▓
▓.▓
▓'▓
▓@▓
▓l▓
▓.▓
▓.▓
▓.▓
▓+▓


You could see an iguana.

Vanquished Creatures
  A jelly (D)
  A shadow imp (D)
  An ufetubus (D)
  An orc (D)
  2 hobgoblins (D)
  2 frilled lizards (D)
  A kobold (D)
9 creatures vanquished.

Notes
Turn   | Place    | Note
-------+----------+-------------------------------------------
     0 | D        | mhtbhm the Gargoyle Fighter began the quest for the Orb.
     0 | D        | Reached XP level 1. HP: 14/14 MP: 1/1
    27 | D        | Noticed a jelly
    27 | D        | Noticed an iguana
    32 | D        | Reached XP level 2. HP: 20/20 MP: 2/2
    39 | D        | Reached skill level 5 in Fighting
    39 | D        | Reached skill level 5 in Shields
    39 | D        | Reached XP level 3. HP: 26/26 MP: 3/3
    40 | D        | Reached skill level 5 in Armour
    48 | D        | Slain by an iguana

Illustrated notes

Levels and vault maps discovered:
D:        linesprint [early_d, line_temple, items_1, d_10, items_2, lair_1,
          lair_end, items_3, orc_1, orc_end, items_4, d_15, swamp_1, shoals_1,
          snake_1, spider_1, d_20, vaults_1, items_5, swamp_end, shoals_end,
          snake_end, spider_end, vaults_end, d_27, items_6, zot_1, zot_end,
          crypt_end, forest_end, elf_end, slime_end, tomb_end, abyss_end,
          pan_hell_end]

Skill      XL: |  1  2  3 |
---------------+----------+-----
Fighting       | 4 5 |  5.2
Armour         | 4 5 |  5.0
Shields        | 4 5 |  5.2
Maces & Flails | 3 |  3.4

Action                   || total
-------------------------++-------
Melee: Flail             ||    31
  Use: Potion            ||     2
Armor: Scale mail        ||    11
Dodge: Dodged            ||     9
Block: Buckler           ||     9

Table legend: (Time is in decaauts)
 A = Elapsed time spent in this place.
 B = Non-inter-level travel time spent in this place.
 C = Inter-level travel time spent in this place.
 D = Time resting spent in this place.
 E = Time spent auto-exploring this place.
 F = Levels seen in this place.
 G = Mean time per level.
                   A        B        C        D        E       F      G
               +--------+--------+--------+--------+--------+-----+--------+
         Total |     57 |     57 |      0 |      3 |      3 |   1 |   57.0 |
       Dungeon |     57 |     57 |      0 |      3 |      3 |   1 |   57.0 |
               +--------+--------+--------+--------+--------+-----+--------+

Top non-repeatable levels by time:
       D: 57 daAuts
